 Dungeon Crawl Stone Soup version 0.30-a0-632-g346586fe48 (webtiles) character file.

Game seed: 3073420592183296314

58 Strat the Cudgeller (level 4, 0/38 HPs)
             Began as a Meteoran Reaver on Jan 13, 2023.
             Slain by a gnoll
             ... wielding a +0 flail
              (7 damage)
             ... on level 2 of the Dungeon.
             The game lasted 00:03:51 (521 turns).

Strat the Cudgeller (Meteoran Reaver)                Turns: 521, Time: 00:03:51

Health: 0/38       AC:  3    Str: 15    XL:     4   Next: 43%
Magic:  8/9        EV: 12    Int: 14    God:
Gold:   69         SH:  0    Dex: 13    Spells: 0/8 levels left

rFire   . . .      SeeInvis .    a - +0 mace
rCold   . . .      Faith    .    (no shield)
rNeg    . . .      Spirit   .    b - +0 leather armour
rPois   +          Reflect  .    (no helmet)
rElec   .          Harm     .    (no cloak)
rCorr   .          Rampage  .    (no gloves)
Will    .....                    (no boots)
Stlth   +                        (no amulet)
HPRegen 0.26/turn                e - ring of poison resistance
MPRegen 0.11/turn                (no ring)

@: glowing
A: sense surroundings 1, otherworldly, glowing, explore regen
a: no special abilities


You were on level 2 of the Dungeon.
You visited 1 branch of the dungeon, and saw 2 of its levels.

You collected 69 gold pieces.

Inventory:

Hand Weapons
 a - a +0 mace (weapon)
Missiles
 c - 4 poisoned darts
Armour
 b - a +0 leather armour (worn)
 f - a +0 pair of gloves
Jewellery
 e - a ring of poison resistance (left hand)
Scrolls
 g - a scroll of noise {unknown}
 h - a scroll of identify
Potions
 d - 3 potions of resistance
 j - a potion of brilliance {unknown}


   Skills:
 + Level 3.0 Fighting
 + Level 5.5 Maces & Flails
 - Level 2.5 Dodging
 - Level 2.8 Spellcasting
 - Level 3.7 Conjurations


You couldn't memorise any spells.
You knew the following spells:

 Your Spells              Type           Power      Damage    Failure   Level
a - Kiss of Death         Conj/Necr      28%        2d7       12%         1
b - Momentum Strike       Conj/Tloc      14%        3d8       19%         2
c - Blink                 Tloc           2%         N/A       38%         2
d - Hailstorm             Conj/Ice       7%         3d4       36%         3

Your spell library contained the following spells:

 Spells                   Type           Power      Damage    Failure   Level
 Scorch                   Fire           2%         2d5       38%         2
 Lesser Beckoning         Tloc           2%         N/A       63%         3
 Flame Wave               Conj/Fire      7%         2d5       77%         4
 Summon Cactus Giant      Summ           0%         N/A       100%        6


Dungeon Overview and Level Annotations

Branches:
Dungeon (2/15) Zot: 661

Altars:


Innate Abilities, Weirdness & Mutations

You passively map a small area around you.
You are easily found by Zot.
You glow in the dark.
You regain HP and MP as you explore.


Message History

The concentrated momentum hits the gnoll!
The gnoll is heavily wounded.
You are unable to move.
The gnoll throws a stone.
The stone barely misses you.
The gnoll throws a stone.
The stone barely misses you.
You cannot move.
The gnoll hits you from afar with a +0 spear.
The gnoll misses you.
You are no longer robbed of momentum.
The gnoll throws a stone.
The stone hits you. The gnoll hits you with a +0 spear.
* * * LOW HITPOINT WARNING * * *
You hit the gnoll but do no damage.
The gnoll is heavily wounded.
The gnoll hits you with a +0 spear.
* * * LOW HITPOINT WARNING * * *
You hit the gnoll but do no damage.
The gnoll is heavily wounded.
The gnoll misses you.
You hit the gnoll.
The gnoll is almost dead.
The gnoll hits you with a +0 spear.
* * * LOW HITPOINT WARNING * * *
The gnoll completely misses you.
You hit the gnoll.
You kill the gnoll!
Your Fighting skill increases to level 3!
There is a stone staircase leading up here.
Things that are here:
a +0 spear; 6 stones; a gnoll corpse 2 gnolls come into view.
The gnoll shouts! x2; You hear a shout!
The gnoll moves out of view.
A gnoll comes into view. It is wielding a +0 spear.
The gnoll attacks as you move away! The gnoll hits you with a +0 flail!
* * * LOW HITPOINT WARNING * * *
There is a stone staircase leading up here.
Things that are here:
a +0 spear; 6 stones; a gnoll corpse The gnoll hits you with a +0 flail!
You die...

#.........# ,
#.........# *
#.........#*
#.........#*
,,
#####.....#*,
#.....# ,,,,
, ###'#.# ,
#.#.# , ,.
#@..# ...,
#g####.....
#.g.gg.....
#####...... ,
..... , ,
.... * , ...
, .. #


You could see 2 gnolls.

Vanquished Creatures
  An adder (D:2)
  A gnoll (D:2)
  A dart slug (D:1)
  3 ball pythons (D:1)
  5 bats
  5 endoplasms (D:1)
  3 giant cockroaches (D:1)
  3 hobgoblins
  4 kobolds (D:1)
  A quokka (D:1)
  2 frilled lizards (D:1)
  6 rats (D:1)
35 creatures vanquished.

Notes
Turn   | Place    | Note
-------+----------+-------------------------------------------
     0 | D:1      | Strat the Meteoran Reaver began the quest for the Orb.
     0 | D:1      | Reached XP level 1. HP: 17/17 MP: 5/5
    58 | D:1      | Reached XP level 2. HP: 21/24 MP: 6/6
    80 | D:1      | Learned a level 2 spell: Momentum Strike
    83 | D:1      | Learned a level 2 spell: Blink
   180 | D:1      | Reached XP level 3. HP: 30/30 MP: 8/8
   206 | D:1      | Reached skill level 5 in Maces & Flails
   475 | D:2      | Reached XP level 4. HP: 21/37 MP: 9/9
   490 | D:2      | Learned a level 3 spell: Hailstorm
   521 | D:2      | Slain by a gnoll

Illustrated notes

Levels and vault maps discovered:
D:1:      minmay_arrival_split_and_join, layout_basic
D:2:      layout_basic, chequers_serial_rivers_micro_d

Skill      XL: |  1  2  3  4 |
---------------+-------------+-----
Maces & Flails | 5 |  5.5
Fighting       | 3 |  3.0
Dodging        | |  2.5
Spellcasting   | |  2.8
Conjurations   | |  3.7

Action                   |  1- 3 |  4- 6 || total
-------------------------+-------+-------++-------
Melee: Mace              |   100 |     5 ||   105
 Cast: Momentum Strike   |       |     1 ||     1
  Use: Scroll            |     3 |       ||     3
Armor: Leather armour    |    47 |     1 ||    48
Dodge: Dodged            |    81 |     5 ||    86

Table legend: (Time is in decaauts)
 A = Elapsed time spent in this place.
 B = Non-inter-level travel time spent in this place.
 C = Inter-level travel time spent in this place.
 D = Time resting spent in this place.
 E = Time spent auto-exploring this place.
 F = Levels seen in this place.
 G = Mean time per level.
                   A        B        C        D        E       F      G
               +--------+--------+--------+--------+--------+-----+--------+
         Total |    538 |    538 |      0 |      0 |      0 |   2 |  269.0 |
       Dungeon |    538 |    538 |      0 |      0 |      0 |   2 |  269.0 |
               +--------+--------+--------+--------+--------+-----+--------+

Top non-repeatable levels by time:
     D:1: 385 daAuts
     D:2: 152 daAuts
